 Dungeon Crawl Stone Soup version 0.16-a0-2296-gdce89d5 (webtiles) character file.

306 PolkaDot the Insei (level 6, 0/49 HPs)
             Began as a Demonspawn Monk on Nov 17, 2014.
             Succumbed to a scorpion's poison
             ... on level 4 of the Dungeon.
             The game lasted 00:04:16 (3783 turns).

PolkaDot the Insei (Demonspawn Monk)                Turns: 3783, Time: 00:04:16

Health: 0/49       AC:  3    Str: 12    XL:     6   Next: 16%
Magic:  0/6        EV: 13    Int: 11    God:
Gold:   137        SH:  0    Dex: 19    Spells: 0 memorised, 5 levels left

rFire  . . .     SeeInvis .       - Unarmed
rCold  . . .     Clarity  .     a - +0 robe
rNeg   . . .     SustAb   .     (no shield)
rPois  .         Gourm    .     (no helmet)
rElec  .         Spirit   +     (no cloak)
rCorr  .         Warding  .     l - +0 pair of gloves
rMut   .         Stasis   .     (no boots)
MR     .....                    (no amulet)
Stlth  ++++......               (no ring)
                                (no ring)

@: lethally poisoned, not resistant to hostile enchantments, stealthy
A: thin skeletal structure 1, nightstalker 1, magic shield
a: no special abilities


You were on level 4 of the Dungeon.
You were not hungry.

You visited 1 branch of the dungeon, and saw 4 of its levels.

You collected 137 gold pieces.

Inventory:

Armour
 a - a +0 robe (worn)
 l - a +0 pair of gloves (worn)
Scrolls
 d - 4 scrolls of identify {unknown}
 g - 2 scrolls of remove curse {unknown}
 h - a scroll of magic mapping {unknown}
 j - a scroll of blinking {unknown}
 k - a scroll of recharging {unknown}
 q - a scroll of fear {unknown}
 u - 2 scrolls of teleportation {unknown}
Potions
 c - a potion of heal wounds
 e - a potion of curing
 f - 2 potions of might
 s - a potion of degeneration {unknown}
 t - a potion of haste {unknown}
 v - a potion of mutation {unknown}
 w - a potion of magic {unknown}
Books
 n - Sif Muna's Catalogue of Execration
   (You found it on level 2 of the Dungeon)

   Spells                             Type                      Level
   Corona                             Hexes                        1
 o - Vehumet's Guide on Combat Magic
   (You found it on level 2 of the Dungeon)

   Spells                             Type                      Level
   Magic Dart                         Conjuration                  1
 p - Kikubaaqudgha's Reference Book on Evil
   (You found it on level 2 of the Dungeon)

   Spells                             Type                      Level
   Pain                               Necromancy                   1
Comestibles
 b - 2 bread rations
 i - 2 meat rations
 m - a beef jerky


   Skills:
 + Level 4.6 Fighting
 - Level 2.6 Dodging
 - Level 1.7 Stealth
 * Level 6.0 Unarmed Combat


You had 5 spell levels left.
You didn't know any spells.

Dungeon Overview and Level Annotations

Branches:
Dungeon (4/15)
 Temple: D:4-7

Altars:
Kikubaaqudgha
Sif Muna
Vehumet


Innate Abilities, Weirdness & Mutations

You have a somewhat thin skeletal structure (Dex +2, Stealth).
You are slightly more attuned to the shadows.
When hurt, damage is shared between your health and your magic reserves.


Message History

You hit the scorpion.
The scorpion is almost dead.
You feel sick.
You hit the scorpion but do no damage.
You punch the scorpion, but do no damage.
The scorpion is almost dead.
The scorpion closely misses you.
You barely miss the scorpion.
The scorpion is almost dead.
You feel sick. The scorpion stings you!
* * * LOW HITPOINT WARNING * * *
You closely miss the scorpion.
The scorpion is almost dead.
The scorpion stings you.
* * * LOW HITPOINT WARNING * * *
You are more poisoned.
The scorpion poisons you!
You barely miss the scorpion.
The scorpion is almost dead.
You die...

# #.########
#.....#..##
#...@#....#
....W.s.#...<#
.......+?...#
+###..####+##
#+#


You could see a phantom and a scorpion.

Vanquished Creatures
  The ghost of PolkaDot the Insei, an average DsMo (D:3)
  A hound (D:3)
  5 adders
  2 giant mites (D:3)
  2 worms
  4 giant geckos
  A ball python (D:1)
  11 bats
  13 hobgoblins
  4 jackals (D:3)
  10 kobolds
  7 giant newts
  6 goblins
  A quokka (D:3)
  10 rats
78 creatures vanquished.

Notes
Turn   | Place    | Note
--------------------------------------------------------------
     0 | D:1      | PolkaDot, the Demonspawn Monk, began the quest for the Orb.
     0 | D:1      | Reached XP level 1. HP: 18/18 MP: 1/1
   283 | D:1      | Reached skill level 4 in Unarmed Combat
   283 | D:1      | Gained mutation: You have a somewhat thin skeletal structure (Dex +2, Stealth). [demonic ancestry]
   283 | D:1      | Reached XP level 2. HP: 24/24 MP: 2/2
   925 | D:1      | Gained mutation: When hurt, damage is shared between your health and your magic reserves. [demonic ancestry]
   925 | D:1      | Reached XP level 3. HP: 29/29 MP: 3/3
  1663 | D:2      | Gained mutation: You are slightly more attuned to the shadows. [demonic ancestry]
  1663 | D:2      | Reached XP level 4. HP: 37/37 MP: 4/4
  2058 | D:2      | Found an ancient bone altar of Kikubaaqudgha.
  2063 | D:2      | Found a deep blue altar of Sif Muna.
  2068 | D:2      | Identified Sif Muna's Catalogue of Execration
  2072 | D:2      | Found a radiant altar of Vehumet.
  2076 | D:2      | Identified Vehumet's Guide on Combat Magic
  2085 | D:2      | Identified Kikubaaqudgha's Reference Book on Evil
  2597 | D:3      | Noticed PolkaDot's ghost (average DsMo)
  2613 | D:3      | Killed PolkaDot's ghost
  2613 | D:3      | Reached skill level 5 in Unarmed Combat
  2613 | D:3      | Reached XP level 5. HP: 15/43 MP: 1/5
  3004 | D:3      | Reached XP level 6. HP: 20/49 MP: 3/6
  3476 | D:3      | Reached skill level 6 in Unarmed Combat
  3782 | D:4      | HP: 2/49 [scorpion (1)]
  3783 | D:4      | Succumbed to a scorpion's poison

Action                   |  1- 3 |  4- 6 || total
-------------------------+-------+-------++-------
Melee: Unarmed           |   145 |   154 ||   299
  Use: Potion            |       |     3 ||     3
 Stab: Sleeping          |     3 |     3 ||     6
  Eat: Chunk             |     2 |     3 ||     5
       Bread ration      |       |     1 ||     1
